 Dungeon Crawl Stone Soup version 0.17-a0-2215-g49c1de0 (webtiles) character file.

66554 xeno23 the Gouger (level 14, -3/66 HPs)
             Began as a Felid Transmuter on Oct 26, 2015.
             Was the Champion of Okawaru.
             Slain by a hornet (15 damage)
             ... on level 1 of the Swamp on Oct 27, 2015.
             The game lasted 03:58:54 (30843 turns).

xeno23 the Gouger (Felid Transmuter)               Turns: 30843, Time: 03:58:54

Health: -3/66      AC:  3    Str:  6      XL:     14   Next: 79%
Magic:  13/25      EV: 36    Int: 14 (15) God:    Okawaru [******]
Gold:   2350       SH:  0    Dex: 21      Spells: 7 memorised, 7 levels left
                                        Lives:  0   Deaths: 4

rFire  . . .     SeeInvis +       - Unarmed
rCold  + . .     Clarity  .     (armour unavailable)
rNeg   . . .     SustAt   .     (shield unavailable)
rPois  .         Gourm    .     (helmet unavailable)
rElec  .         Spirit   .     (cloak unavailable)
rCorr  .         Warding  .     (gloves unavailable)
rMut   .         Stasis   .     (boots unavailable)
MR     +++..                    v - amulet of regeneration
Stlth  +++++++...               t - ring of protection from magic
                                O - ring of wizardry

@: blade paws (expiring), heroism, slowed, slow, extremely resistant to hostile
enchantments, extremely stealthy
A: no armour, no weapons or thrown items, claws 1, fangs 3, see invisible,
carnivore 3, speed 1, shaggy fur 3, slow metabolism 1, (sharp paws)
a: End Transformation, Heroism, Finesse, Renounce Religion


You were on level 1 of the Swamp.
You worshipped Okawaru.
Okawaru was exalted by your worship.
You were very full.
You had blades for front paws.
You visited 6 branches of the dungeon, and saw 30 of its levels.
You also visited: Labyrinth, Ossuary and Ice Cave.

You collected 2633 gold pieces.
You spent 283 gold pieces at shops.

Inventory:

Missiles
 B - 421 arrows
Jewellery
 m - an uncursed ring of protection from fire
 t - a ring of protection from magic (right scythe-like blade)
 u - an uncursed amulet of resist mutation
 v - an amulet of regeneration (around neck)
 D - an uncursed ring of flight
 O - a ring of wizardry (left scythe-like blade)
 S - an uncursed ring of protection from cold
Wands
 o - a wand of teleportation (3)
 x - a wand of fireball (6)
 R - a wand of lightning (7)
 U - a wand of digging (11)
 Y - a wand of cold (9)
Scrolls
 a - a scroll of recharging
 d - 5 scrolls of teleportation
 e - 2 scrolls of identify
 f - 3 scrolls of magic mapping
 g - 7 scrolls of remove curse
 l - 2 scrolls of amnesia
 A - 3 scrolls of immolation
 E - a scroll of holy word
 G - 3 scrolls of blinking
 L - a scroll of summoning
 M - a scroll of silence
 Q - 4 scrolls of fear
Potions
 h - 2 potions of haste
 j - 2 potions of cancellation
 k - a potion of heal wounds
 p - 2 potions of brilliance
 s - 5 potions of curing
 z - 5 potions of invisibility
 I - 4 potions of might
 J - 3 potions of ambrosia
 K - 4 potions of berserk rage
 N - 2 potions of agility
 T - 3 potions of resistance
Books
 b - a book of Callings

   Spells                             Type                      Level
   a - Summon Small Mammal            Summoning                    1
   b - Call Imp                       Summoning                    2
   c - Call Canine Familiar           Summoning                    3
   d - Summon Guardian Golem          Hexes/Summoning              3
   e - Summon Lightning Spire         Summoning/Air                4
   f - Summon Ice Beast               Ice/Summoning                4
Comestibles
 c - 14 meat rations
 i - 5 royal jellies
 n - 10 slices of pizza
 C - 4 beef jerkies


   Skills:
 + Level 10.1(15.1) Fighting
 + Level 12.7(17.7) Dodging
 + Level 13.2(18.2) Stealth
 * Level 14.0(19.0) Unarmed Combat
 - Level 7.0 Spellcasting
 - Level 7.5 Charms
 - Level 2.1 Necromancy
 + Level 12.0 Transmutations
 - Level 4.2 Ice Magic
 - Level 2.5 Earth Magic
 - Level 1.0 Poison Magic
 - Level 8.5 Invocations
 - Level 3.5 Evocations


You had 7 spell levels left.
You knew the following spells:

 Your Spells              Type           Power        Failure   Level  Hunger
a - Beastly Appendage     Trmt           #####.       3%          1    None
d - Spider Form           Trmt/Pois      ###.......   12%         3    ##.....
e - Regeneration          Chrm/Necr      ###.......   17%         3    ##.....
f - Ice Form              Ice/Trmt       ####....     17%         4    ####...
q - Blade Hands           Trmt           #####.....   12%         5    ######.
s - Sticks to Snakes      Trmt           #####.....   4%          2    #......
w - Stoneskin             Trmt/Erth      ####....     6%          2    #......


Dungeon Overview and Level Annotations

Branches:
Dungeon (15/15)            Temple (1/1) D:5            Lair (8/8) D:10
  Swamp (1/4) Lair:6        Snake (0/4) Lair:6        Slime (0/6) Lair:8
    Orc (4/4) D:10            Elf (1/3) Orc:4        Vaults (0/5) D:13
 Depths (0/5) D:15

Altars:
Ashenzari
Cheibriados
Dithmenos
Elyvilon
Fedhas
Gozag
Kikubaaqudgha
Makhleb
Nemelex Xobeh
Okawaru
Qazlal
Ru
Sif Muna
Trog
Vehumet
Xom
Yredelemnul
Zin
The Shining One
Beogh

Shops:
D:6 !   D:12 (   Orc:4 [*(


Innate Abilities, Weirdness & Mutations

You cannot wear armour.
You are incapable of wielding weapons or throwing items.
You have sharp claws.
You have razor-sharp teeth.
You have supernaturally acute eyesight.
You are carnivorous and can eat meat at any time.
You cover ground quickly.
Your thick and shaggy fur keeps you warm (AC +3, rC+).
You have a slow metabolism.
((Your sharp claws are effective at attacking unaware monsters.))


Message History

You feel as though you will be slow longer.
You feel very sick. The hornet stings you.
You are lethally poisoned!
You feel as though you will be slow longer.
You feel very sick. The hornet barely misses you. The hornet stings you!!
* * * LOW HITPOINT WARNING * * *
You are more poisoned.
You feel as though you will be slow longer.
* * * LOW HITPOINT WARNING * * *
You feel very sick. The hornet completely misses you.
You can move again.
You take 53 damage.
Drink which item? (? for menu, Esc to quit)
You feel better.
Your transformation is almost over.
The hornet stings you!
You die...

..≈≈≈≈.♣ ≈.≈...
♣.≈≈≈≈.♣♣♣.≈.. ♣♣.≈. .≈≈≈
≈..≈≈.≈♣♣≈..♣ ♣.≈≈......≈
...≈≈..≈....♣ ♣≈≈≈≈.......
♣≈....≈≈≈≈♣ ♣≈.≈...≈..≈.
♣♣♣≈.♣≈≈≈≈.♣♣ ♣≈.. .....≈≈
♣≈..≈♣♣♣≈..≈♣♣♣♣≈♣♣♣≈.....≈
..♣♣♣♣♣†.....♣....)..≈≈≈...
≈≈.♣ ♣≈≈.≈≈≈.†≈@y.≈≈≈≈≈≈≈.
≈≈.♣♣ ♣≈≈≈≈≈≈.≈≈...≈≈≈≈≈≈≈.
≈....≈..♣♣≈..♣...≈.§≈≈≈≈≈≈≈
≈...≈... ♣♣♣..♣♣≈...≈≈≈..≈♣
≈.♣≈≈≈♣≈ ♣♣♣♣♣...≈≈≈.≈♣♣♣
.≈♣♣♣♣♣≈ ♣...≈≈≈.≈♣ ..♣
≈...♣(≈≈≈..♣ ..♣
≈.≈≈≈.♣♣≈≈≈≈≈.♣ ♣≈♣
≈.≈≈≈..♣♣.≈≈≈≈.≈≈


You could see a hornet.

Vanquished Creatures
  An orc warlord (Orc:4)
  Erolcha (D:10)
  A minotaur (Lab)
  12 hydras
  A centaur warrior (D:12)
  2 tengu warriors (D:15)
  5 orc high priests
  An ice devil (IceCv)
  6 hill giants
  A giant orange brain (D:15)
  2 ice statues (IceCv)
  4 orc knights (Orc:4)
  Pikel (D:7)
  An unseen horror (D:10)
  5 orc sorcerers
  12 ugly things
  A necromancer (D:13)
  A cyclops (D:11)
  A manticore (D:15)
  4 black mambas
  4 griffons
  An octopode (shapeshifter) (D:15)
  4 elephants (Lair:2)
  14 spiny frogs
  2 gargoyles (D:15)
  A redback zombie (D:15)
  An efreet (D:14)
  The ghost of Uberwunderbarhen the Insei, a novice OpTm (D:6)
  4 komodo dragons
  A spriggan druid (Lair:8)
  8 trolls
  9 polar bears (Lair:8)
  10 blue devils (IceCv)
  10 blink frogs
  3 two-headed ogres
  Prince Ribbit (Lair:2)
  2 fire drakes
  A polar bear (shapeshifter) (D:15)
  2 bog bodies (Swamp:1)
  12 slime creatures
  14 spriggans
  A trapdoor spider (D:14)
  A vampire (D:14)
  2 deep elf magi
  3 redbacks (Lair:8)
  3 basilisks
  40 yaks
  2 vampire mosquitoes (D:14)
  A deep elf fighter (D:10)
  A shadow (D:14)
  2 mottled dragons
  A wraith (D:12)
  2 nagas (Lair:6)
  23 wolves
  7 swamp worms (Swamp:1)
  2 hungry ghosts
  A steam dragon (D:10)
  9 hippogriffs
  8 water moccasins
  A warg (Orc:2)
  3 soldier ants
  12 ogres
  4 wasps (Lair:8)
  9 porcupines
  11 black bears
  4 phantoms
  3 slaves (D:7)
  39 orc warriors
  3 ice beasts
  2 sky beasts
  15 crocodiles
  20 centaurs
  4 big kobolds
  17 giant frogs
  A gnoll sergeant (D:12)
  12 scorpions
  3 electric eels (Lair:5)
  28 killer bees
  A quasit (D:8)
  10 wights
  10 hounds
  3 giant frog zombies
  7 centaur zombies
  A lava snake (D:11)
  6 crimson imps
  2 giant frog skeletons
  Crazy Yiuf (D:6)
  31 orc priests
  2 centaur skeletons
  A gnoll shaman (Orc:4)
  5 human zombies (Ossuary)
  44 orc wizards
  11 iguanas
  13 worker ants
  2 big kobold zombies (Ossuary)
  5 sheep
  2 mummies (Ossuary)
  A scorpion zombie (Ossuary)
  2 worker ant zombies
  12 adders
  10 gnolls
  29 river rats
  5 shadow imps
  22 white imps
  6 ufetubi (IceCv)
  2 oozes
  3 worms
  6 giant geckos
  175 orcs
  3 ball pythons
  16 bats
  4 giant cockroaches
  6 goblins
  5 hobgoblins
  12 jackals
  23 kobolds
  4 giant newts
  A gnoll zombie (Ossuary)
  2 goblin zombies (Ossuary)
  A hobgoblin zombie (Ossuary)
  A kobold zombie (Ossuary)
  4 orc zombies (Ossuary)
  12 quokkas
  A quokka skeleton (D:9)
  A quokka zombie (D:6)
  13 rats
  A bush (Lair:7)
  2 plants
1010 creatures vanquished.

Vanquished Creatures (collateral kills)
  A giant frog (Lair:1)
  A killer bee (D:9)
  A river rat (Lair:1)
3 creatures vanquished.

Vanquished Creatures (others)
  The ghost of emiel the Magician, an amateur TeWz (Ossuary)
  A scorpion (Ossuary)
  An orc wizard (Orc:4)
  A mummy (Ossuary)
  An ufetubus (IceCv)
  A kobold (D:12)
  7 fungi
  2 plants (Lair:8)
15 creatures vanquished.

Grand Total: 1028 creatures vanquished

Notes
Turn   | Place    | Note
--------------------------------------------------------------
     0 | D:1      | xeno23 the Felid Transmuter began the quest for the Orb.
     0 | D:1      | Reached XP level 1. HP: 9/9 MP: 4/4
   310 | D:1      | Reached XP level 2. HP: 6/12 MP: 4/6
   314 | D:1      | Learned a level 2 spell: Sticks to Snakes
  1115 | D:2      | Reached XP level 3. HP: 13/15 MP: 5/7
  1285 | D:2      | Found a bloodstained altar of Trog.
  1704 | D:3      | Reached skill level 1 in Stealth
  1993 | D:3      | Reached XP level 4. HP: 19/19 MP: 8/8
  2329 | D:3      | Noticed a phantom
  3542 | D:3      | Learned a level 3 spell: Spider Form
  4547 | D:3      | Noticed a giant frog
  4759 | D:4      | Reached skill level 1 in Poison Magic
  4759 | D:4      | Reached XP level 5. HP: 19/22 MP: 5/9
  4773 | D:4      | Reached skill level 4 in Unarmed Combat
  5316 | D:4      | Gained mutation: You are covered in thick fur (AC +2). [Felid growth]
  5316 | D:4      | Reached XP level 6. HP: 9/26 MP: 7/10
  5751 | D:3      | Killed a giant frog
  5991 | D:5      | Entered Level 5 of the Dungeon
  6306 | D:5      | Reached XP level 7. HP: 13/30 MP: 7/11
  6320 | D:5      | Found a staircase to the Ecumenical Temple.
  6330 | Temple   | Entered the Ecumenical Temple
  6631 | Temple   | Became a worshipper of Warmaster Okawaru
  6668 | D:5      | Found a radiant altar of Vehumet.
  6699 | D:5      | Reached skill level 5 in Unarmed Combat
  6699 | D:5      | Reached skill level 5 in Transmutations
  7220 | D:5      | Noticed a deep elf mage
  7353 | D:5      | Killed a deep elf mage
  7353 | D:5      | Reached skill level 5 in Dodging
  7454 | D:6      | Found a sand-covered staircase.
  7459 | Ossuary  | Entered an ossuary
  7620 | Ossuary  | Reached * piety under Okawaru
  7669 | Ossuary  | Reached XP level 8. HP: 34/34 MP: 9/12
  7684 | Ossuary  | Noticed emiel's ghost (amateur TeWz)
  8000 | Ossuary  | Reached skill level 6 in Unarmed Combat
  8058 | Ossuary  | Killed emiel's ghost
  8265 | Ossuary  | Reached skill level 5 in Stealth
  9075 | D:6      | Noticed Uberwunderbarhen's ghost (novice OpTm)
  9087 | D:6      | Killed Uberwunderbarhen's ghost
  9087 | D:6      | Reached ** piety under Okawaru
  9087 | D:6      | Reached skill level 7 in Transmutations
  9096 | D:6      | Found Ranouh's Distillery.
  9100 | D:6      | Bought a potion of curing for 39 gold pieces
  9100 | D:6      | Bought a potion of heal wounds for 65 gold pieces
  9100 | D:6      | Bought a potion of berserk rage for 65 gold pieces
  9341 | D:6      | Reached XP level 9. HP: 32/39 MP: 10/13
  9551 | D:6      | Noticed Crazy Yiuf
  9563 | D:6      | Killed Crazy Yiuf
 10010 | D:7      | Found a basalt altar of Yredelemnul.
 10010 | D:7      | Found a shadowy altar of Dithmenos.
 10278 | D:7      | Noticed Pikel
 10366 | D:7      | Killed Pikel
 10366 | D:7      | Reached skill level 5 in Fighting
 10366 | D:7      | Reached skill level 8 in Transmutations
 10579 | D:8      | Reached *** piety under Okawaru
 10949 | D:8      | Shot with an arrow by a centaur
 10950 | D:8      | Reached XP level 8. HP: -2/37 MP: 7/12
 10972 | D:8      | Identified the Grimoire of Augmentations and Moulding
 11106 | D:8      | Reached XP level 9. HP: 36/40 MP: 7/13
 11177 | D:8      | Found a sacrificial altar of Ru.
 11498 | D:8      | Reached skill level 1 in Invocations
 11693 | D:9      | Reached skill level 9 in Transmutations
 11704 | D:9      | Reached skill level 1 in Evocations
 11711 | D:9      | Reached **** piety under Okawaru
 12676 | D:9      | Reached XP level 10. HP: 45/45 MP: 14/14
 12693 | D:9      | Learned a level 3 spell: Regeneration
 12698 | D:9      | Learned a level 4 spell: Ice Form
 13023 | D:9      | Reached ***** piety under Okawaru
 13124 | D:10     | Entered Level 10 of the Dungeon
 13203 | D:10     | Reached skill level 1 in Charms
 13288 | D:10     | Reached skill level 1 in Necromancy
 13448 | D:10     | Noticed Erolcha
 13464 | D:10     | Killed Erolcha
 13484 | D:10     | Found a staircase to the Orcish Mines.
 13627 | D:10     | Reached skill level 1 in Ice Magic
 13809 | D:10     | Found a staircase to the Lair.
 13880 | D:10     | Noticed an unseen horror
 13889 | D:10     | Reached skill level 10 in Transmutations
 14025 | D:10     | Reached XP level 11. HP: 48/48 MP: 11/16
 14065 | D:10     | Killed an unseen horror
 14081 | Lair:1   | Entered Level 1 of the Lair of Beasts
 14107 | Lair:1   | Noticed a seven-headed hydra
 14119 | Lair:1   | Slain by a seven-headed hydra
 14120 | Lair:1   | Reached XP level 10. HP: -1/54 MP: 5/15
 14120 | Lair:1   | Noticed a four-headed hydra
 14124 | Lair:1   | Killed a four-headed hydra
 14281 | Lair:1   | Found a blossoming altar of Fedhas.
 14284 | Lair:2   | Noticed an elephant
 14284 | Lair:2   | Noticed an elephant
 14284 | Lair:2   | Noticed an elephant
 14284 | Lair:2   | Noticed an elephant
 14287 | Lair:2   | Killed an elephant
 14292 | Lair:2   | Noticed a five-headed hydra
 14309 | Lair:2   | Killed an elephant
 14480 | Lair:2   | Killed a five-headed hydra
 14487 | Lair:2   | Killed an elephant
 14493 | Lair:2   | Killed an elephant
 14493 | Lair:2   | Reached skill level 5 in Charms
 14493 | Lair:2   | Reached XP level 11. HP: 49/49 MP: 2/17
 14775 | Lair:2   | Noticed a black mamba
 14783 | Lair:2   | Killed a black mamba
 14783 | Lair:2   | Reached ****** piety under Okawaru
 14831 | Lair:2   | Noticed Prince Ribbit
 14842 | Lair:2   | Killed Prince Ribbit
 14853 | Lair:2   | Reached skill level 10 in Unarmed Combat
 15259 | Lair:2   | Noticed a five-headed hydra
 15275 | Lair:2   | Killed a five-headed hydra
 15340 | Lair:1   | Killed a seven-headed hydra
 15448 | Lair:1   | Reached skill level 11 in Transmutations
 15589 | Lair:1   | Noticed a six-headed hydra
 15638 | Lair:1   | Killed a six-headed hydra
 15642 | Lair:1   | Reached skill level 5 in Invocations
 16113 | Lair:1   | Learned a level 5 spell: Blade Hands
 16207 | Lair:3   | Noticed a seven-headed hydra
 16220 | Lair:3   | Gained mutation: Your thick and shaggy fur keeps you warm (AC +3, rC+). [Felid growth]
 16220 | Lair:3   | Reached XP level 12. HP: 41/54 MP: 8/19
 16224 | Lair:3   | Killed a seven-headed hydra
 16365 | Lair:3   | Noticed a seven-headed hydra
 16486 | Lair:3   | Killed a seven-headed hydra
 18167 | Lair:5   | Reached skill level 10 in Stealth
 18512 | Lair:6   | Found a staircase to the Snake Pit.
 18540 | Lair:6   | Found a staircase to the Swamp.
 18543 | Lair:6   | Noticed a five-headed hydra
 18551 | Lair:6   | Killed a five-headed hydra
 19251 | Lair:7   | Found a frozen archway.
 19282 | IceCv    | Entered an ice cave
 19363 | IceCv    | Reached skill level 10 in Dodging
 19371 | IceCv    | Reached skill level 5 in Spellcasting
 19410 | IceCv    | Reached XP level 13. HP: 58/58 MP: 17/21
 19500 | IceCv    | Slain by an ice devil
 19501 | IceCv    | Reached XP level 12. HP: -4/55 MP: 18/20
 19964 | Lair:7   | Slain by a spiny frog
 19965 | Lair:7   | Reached XP level 11. HP: -4/51 MP: 15/19
 20787 | Lair:8   | Entered Level 8 of the Lair of Beasts
 20837 | Lair:8   | Noticed a seven-headed hydra
 20841 | Lair:8   | Killed a seven-headed hydra
 20907 | Lair:8   | Noticed a five-headed hydra
 20918 | Lair:8   | Killed a five-headed hydra
 21118 | Lair:8   | Found a staircase to the Slime Pits.
 21245 | Lair:8   | Reached XP level 12. HP: 55/55 MP: 21/21
 21302 | Lair:8   | Noticed a spriggan rider
 21319 | Lair:8   | Killed a spriggan
 21321 | Lair:8   | Killed a wasp
 21358 | Lair:8   | Noticed a spriggan rider
 21364 | Lair:8   | Killed a spriggan rider
 21364 | Lair:8   | Killed a wasp
 21380 | Lair:8   | Noticed a spriggan rider
 21393 | Lair:8   | Reached skill level 12 in Unarmed Combat
 21400 | Lair:8   | Killed a wasp
 21401 | Lair:8   | Killed a spriggan
 22367 | Lair:1   | Learned a level 2 spell: Stoneskin
 22390 | Orc:1    | Entered Level 1 of the Orcish Mines
 23046 | Orc:1    | Reached skill level 1 in Earth Magic
 24013 | Orc:3    | Reached XP level 13. HP: 60/60 MP: 23/23
 24048 | Orc:2    | Found a roughly hewn altar of Beogh.
 24373 | Orc:4    | Entered Level 4 of the Orcish Mines
 24604 | Orc:4    | Found a staircase to the Elven Halls.
 24799 | Elf:1    | Entered Level 1 of the Elven Halls
 24933 | Orc:4    | Noticed an orc warlord
 25296 | Orc:4    | Killed an orc warlord
 25480 | Orc:4    | Found Supudiodgh's General Store.
 25481 | Orc:4    | Found Cigeel's Jewellery Shop.
 25483 | Orc:4    | Found Yluif's Antique Armour Boutique.
 25483 | Orc:4    | Found Raar's Antique Weapon Boutique.
 25502 | Orc:4    | Bought a scroll of recharging for 114 gold pieces
 26574 | D:12     | Reached skill level 13 in Unarmed Combat
 27012 | D:12     | Found Gulec's Antique Weapon Boutique.
 27275 | D:13     | Found a labyrinth entrance.
 27289 | D:13     | Reached XP level 14. HP: 64/64 MP: 25/25
 27313 | Lab      | Entered a labyrinth
 27891 | D:13     | Found a gate to the Vaults.
 28730 | D:15     | Entered Level 15 of the Dungeon
 29710 | D:15     | Found a staircase to the Depths.
 29733 | D:15     | Reached skill level 10 in Fighting
 30118 | Lair:1   | Upgraded the game from 0.17-a0-2208-ge5ab1d3 to 0.17-a0-2215-g49c1de0
 30668 | Swamp:1  | Entered Level 1 of the Swamp
 30701 | Swamp:1  | Reached skill level 14 in Unarmed Combat
 30839 | Swamp:1  | Paralysed by a hornet for 4 turns
 30843 | Swamp:1  | Slain by a hornet

Vault maps used:
D:1:      ncdulo_watergridlock, st_stairs_10
D:2:      nicolae_overflow_hidden_temple, serial_glass, glass_columns_a,
          glass_columns_a, glass_columns_c, glass_columns_a, glass_columns_a,
          glass_columns_b, glass_columns_b, glass_columns_a
D:3:      kennysheep_small_spiral, grunt_decor_cap, kennysheep_cross_room,
          grunt_ministairs_15
D:4:      due_unseen_surprise
D:5:      vehumet_crystals, minmay_temple_entry_hall, first_bread
D:6:      serial_shops, shop, enter_ossuary_2, uniq_crazy_yiuf_cottage
D:7:      gammafunk_temple_overflow_statue, uniq_pikel
D:8:      nicolae_whirlpool, overflow_temple_1_default
D:9:      lemuel_upstairs_altar
D:10:     grunt_lair_entry_elf_guard_hut, orc_0_dummy, grunt_pizzeria,
          kennysheep_generic_room_5, uniq_erolcha
D:11:     kennysheep_generic_room_2
D:12:     serial_shops, shop
D:13:     david_vaults_1, lab_entry_generic
D:14:     serial_park_square2
D:15:     gammafunk_enter_depths_forms, small_statue_intersection
Temple:   hc_temple_tempest_star
Lair:1:   basic_altar, nicolae_quartered_pool_medium, minivault_19
Lair:2:   zaba_anthole, infiniplex_staircase_pool, uniq_prince_ribbit2
Lair:3:   minivault_26, beast_lair_carwin_11
Lair:5:   serial_bayou_shore_a, grunt_megastairs_1
Lair:6:   swamp_mist_pool, guppyfry_snake_entry_island
Lair:7:   portal_ice_cave_entry_imps, grunt_forest_large_clearing_hut
Lair:8:   minmay_lair_end_enchanted_forest, dpeg_slime_entry_corner,
          serial_bayou_shore_b, lemuel_fruit_tree
Swamp:1:  nicolae_swamp_treefoil
Orc:1:    special_room
Orc:2:    basic_altar
Orc:3:    nicolae_orc_pool_cavern
Orc:4:    st_orc_congregation
Elf:1:    minmay_elf_annihilation, uniq_donald
Lab:      labyrinth_mini_lab, labyrinth_glass_1, labyrinth_skeletal_remains,
          nicolae_lab_statue, nicolae_lab_do_over
Ossuary:  ossuary_minmay_scorpions
IceCv:    ice_cave_small_demon

Action                   |  1- 3 |  4- 6 |  7- 9 | 10-12 | 13-15 || total
-------------------------+-------+-------+-------+-------+-------++-------
Melee: Unarmed           |   121 |   180 |   430 |  1225 |   823 ||  2779
 Cast: Beastly Appendage |    16 |    18 |     4 |     2 |     1 ||    41
       Sticks to Snakes  |       |    12 |     5 |     1 |       ||    18
       Spider Form       |       |    12 |    40 |    29 |     1 ||    82
       Regeneration      |       |       |       |    24 |    11 ||    35
       Ice Form          |       |       |       |    18 |     5 ||    23
       Blade Hands       |       |       |       |    30 |    35 ||    65
       Stoneskin         |       |       |       |     5 |     8 ||    13
Invok: Heroism           |       |       |    12 |    50 |    19 ||    81
       Finesse           |       |       |       |    16 |    10 ||    26
 Abil: Evoke Flight      |       |       |     3 |       |       ||     3
       Stop Flying       |       |       |     1 |       |       ||     1
       End Transformatio |       |       |       |     4 |     3 ||     7
Evoke: Wand              |       |       |       |     1 |     2 ||     3
  Use: Scroll            |     2 |     3 |    12 |    23 |     4 ||    44
       Potion            |       |     3 |       |     6 |     4 ||    13
 Stab: Sleeping          |     5 |     8 |    23 |    80 |    49 ||   165
       Distracted        |       |       |     1 |     6 |     4 ||    11
  Eat: Chunk             |    10 |     8 |    26 |    59 |    32 ||   135
